 Dungeon Crawl Stone Soup version 0.19-a0-1704-gbd66c22 (webtiles) character file.

285 KristoblXynda the Covert (level 6, -1/30 HPs)
             Began as a Spriggan Assassin on Sept 27, 2016.
             Slain by a bullfrog (7 damage)
             ... in a sewer.
             The game lasted 00:08:11 (2731 turns).

KristoblXynda the Covert (Spriggan Assassin)        Turns: 2731, Time: 00:08:12

Health: -1/30      AC:  4    Str:  7    XL:     6   Next: 7%
Magic:  7/7        EV: 20    Int: 19    God:
Gold:   113        SH:  0    Dex: 18    Spells: 0 memorised, 5 levels left

rFire  . . .     SeeInvis +     b - +0 blowgun
rCold  . . .     Gourm    .     c - +0 robe
rNeg   . . .     Faith    .     (shield restricted)
rPois  .         Spirit   .     (helmet restricted)
rElec  .         Dismiss  .     d - +0 cloak
rCorr  .         Reflect  .     (gloves unavailable)
MR     +....     Harm     .     (boots unavailable)
Stlth  ++++......               (no amulet)
                                (no ring)
                                r - ring of loudness (curse)

@: brilliant, very quick
A: unfitting armour, see invisible, herbivore 3, speed 3, slow metabolism 2
a: no special abilities


You were in a sewer.
You were not hungry.

You visited 1 branch of the dungeon, and saw 3 of its levels.
You also visited: Sewer.

You collected 113 gold pieces.

Inventory:

Hand Weapons
 a - a +2 dagger
 b - a +0 blowgun (weapon)
 j - a +2 short sword of freezing
Missiles
 e - 8 poisoned needles (quivered)
 f - 2 curare-tipped needles
Armour
 c - a +0 robe (worn)
 d - a +0 cloak (worn)
Jewellery
 r - a cursed ring of loudness (left hand)
Potions
 l - a potion of cancellation
Comestibles
 g - 3 bread rations


   Skills:
 - Level 1.5 Fighting
 + Level 4.3 Short Blades
 - Level 2.0 Throwing
 + Level 4.8 Dodging
 + Level 8.3 Stealth


You had 5 spell levels left.
You didn't know any spells.

Dungeon Overview and Level Annotations

Branches:
Dungeon (3/15)

Altars:


Innate Abilities, Weirdness & Mutations

You are very small and have problems with some larger weapons.
You are too small for most types of armour.
You have supernaturally acute eyesight. (SInv)
You are a herbivore.
You cover ground extremely quickly.
You need consume almost no food.


Message History

You enter the shallow water.
Moving in this stuff is going to be slow.
The bullfrog barely misses you. The bullfrog misses you.
The bullfrog misses you. The bullfrog hits you.
* * * LOW HITPOINT WARNING * * *
The bullfrog looks more healthy.
Things that are here:
a frilled lizard skeleton; a leopard gecko skeleton The bullfrog completely misses you.
Firing (i - inventory. (,) - cycle):
e - 9 poisoned needles (quivered)
Press: ? - help, Shift-Dir - straight line, f/p - bullfrog
Aim: a bullfrog (heavily wounded)
You shoot a poisoned needle. The poisoned needle hits the bullfrog.
The bullfrog is poisoned.
The bullfrog is heavily wounded.
You hear a splash.
The bullfrog hits you!
You die...

.∩≈#######≈÷≈####
≈≈≈≈(≈.(#≈≈≈.≈≈≈##
≈≈≈≈≈.†≈##≈.#≈≈≈≈##
#######(≈#≈F##≈≈≈.#
#≈≈≈≈≈#≈≈##≈≈##≈..##
≈≈≈≈≈≈≈.≈.#≈≈≈#≈≈≈≈#
≈≈≈≈≈≈.≈≈≈#(.≈##≈.≈##
≈..≈.s.≈≈≈#†≈≈≈#F÷≈.#
≈≈≈.($?.≈.#≈≈≈≈#@≈.∩#
≈≈.):).≈≈≈#(≈≈≈#≈≈≈.#
≈≈≈≈..≈≈≈##≈≈.##.≈≈##
≈≈≈≈≈≈≈≈##≈.≈≈#.≈≈≈#
#≈≈≈≈≈###≈≈≈≈##≈.≈##
#######≈†≈.≈##.≈≈≈#
≈≈≈≈≈≈††.≈###≈≈≈≈##
≈≈≈≈≈≈.####≈.≈≈.##
########≈.≈≈.≈≈##


You could see a bullfrog.

Vanquished Creatures
  A bullfrog (Sewer)
  8 adders
  6 oozes (Sewer)
  2 worms (D:2)
  A dart slug (D:1)
  11 leopard geckos (Sewer)
  6 ball pythons (Sewer)
  4 bats
  17 giant cockroaches
  6 goblins
  3 hobgoblins
  15 jackals
  8 frilled lizards
  5 kobolds
  5 rats
98 creatures vanquished.

Notes
Turn   | Place    | Note
-------+----------+-------------------------------------------
     0 | D:1      | KristoblXynda the Spriggan Assassin began the quest for the Orb.
     0 | D:1      | Reached XP level 1. HP: 10/10 MP: 2/2
    59 | D:1      | Reached skill level 6 in Stealth
   231 | D:1      | Reached XP level 2. HP: 14/14 MP: 3/3
   961 | D:2      | Reached XP level 3. HP: 18/18 MP: 4/4
  1375 | D:2      | Reached XP level 4. HP: 22/22 MP: 5/5
  1704 | D:2      | Reached skill level 7 in Stealth
  2099 | D:3      | Found a glowing drain.
  2216 | Sewer    | Entered a sewer
  2247 | Sewer    | Reached XP level 5. HP: 25/25 MP: 6/6
  2564 | Sewer    | Reached skill level 8 in Stealth
  2660 | Sewer    | Reached XP level 6. HP: 10/30 MP: 7/7
  2731 | Sewer    | Slain by a bullfrog

Vault maps used:
D:1:      lightli_arrival_chessboard
D:2:      first_bread
D:3:      good_gods_temple_1, grunt_temple_overflow_magic_moments,
          gammafunk_temple_overflow_elements, gup_sewer_entry_glass
Sewer:    sewer_frog_island_02

Skill      XL: |  1  2  3  4  5 |
---------------+----------------+-----
Stealth        | 6 7 8 |  8.3
Dodging        | 2 3 4 |  4.8
Short Blades   | 3 4 |  4.3
Fighting       | |  1.5
Throwing       | |  2.0

Action                   |  1- 3 |  4- 6 || total
-------------------------+-------+-------++-------
Melee: Dagger            |    17 |       ||    17
       Short sword       |    80 |   181 ||   261
 Fire: Blowgun           |       |    12 ||    12
  Use: Potion            |       |     4 ||     4
       Scroll            |       |     4 ||     4
 Stab: Sleeping          |     7 |    11 ||    18
       Distracted        |     1 |     1 ||     2
Armor: Robe              |    16 |    25 ||    41
Dodge: Dodged            |   109 |   182 ||   291
